 Dungeon Crawl Stone Soup version 0.28-a0-909-g796cbd3a86 (webtiles) character file.

Game seed: 17155578806994470152

320 MacCMillion the Skirmisher (level 6, 0/56 HPs)
             Began as a Hill Orc Fighter on Nov 25, 2021.
             Slain by a bullfrog (3 damage)
             ... in a sewer.
             The game lasted 00:11:58 (4912 turns).

MacCMillion the Skirmisher (Hill Orc Fighter)       Turns: 4912, Time: 00:11:59

Health: 0/56       AC:  7    Str: 21    XL:     6   Next: 46%
Magic:  6/6        EV:  9    Int:  8    God:
Gold:   168        SH:  4    Dex: 10    Spells: 5/5 levels left

rFire   . . .      SeeInvis .   s - +2 whip (pain)
rCold   . . .      Faith    .   c - +0 buckler
rNeg    . . .      Spirit   .   b - +0 scale mail
rPois   .          Reflect  .   (no helmet)
rElec   .          Harm     .   (no cloak)
rCorr   .          Rampage  .   (no gloves)
Will    .....                   (no boots)
Stlth   ..........              (no amulet)
HPRegen 0.18/turn               (no ring)
MPRegen 0.10/turn               (no ring)

@: mighty, very slow
A: no striking features
a: no special abilities


You were in a sewer.
You visited 1 branch of the dungeon, and saw 4 of its levels.
You also visited: Sewer.

You collected 168 gold pieces.

Inventory:

Hand Weapons
 a - a +0 war axe
 s - a +2 whip of pain (weapon)
 v - a +2 hand axe of draining
Missiles
 m - 121 stones (quivered)
Armour
 b - a +0 scale mail (worn)
 c - a +0 buckler (worn)
 n - a +0 kite shield
 t - a +0 tower shield
Jewellery
 x - a ring of resist corrosion
Scrolls
 e - a scroll of enchant weapon {unknown}
 f - a scroll of teleportation {unknown}
 h - a scroll of vulnerability
 j - a scroll of noise {unknown}
 l - a scroll of amnesia {unknown}
 o - a scroll of enchant armour {unknown}
 p - a scroll of magic mapping
 r - 2 scrolls of fear
 u - 2 scrolls of blinking {unknown}
Potions
 g - a potion of haste {unknown}
 i - a potion of curing
 k - a potion of berserk rage {unknown}
 q - 3 potions of invisibility {unknown}
 w - 2 potions of ambrosia
 z - a potion of mutation {unknown}
 A - a potion of heal wounds {unknown}
 B - a potion of brilliance {unknown}


   Skills:
 - Level 5.0 Fighting
 - Level 4.9(5.3) Axes
 + Level 2.3(3.5) Maces & Flails
 - Level 5.0 Armour
 - Level 4.0 Shields


You had 5 spell levels left.
You didn't know any spells.
Your spell library contained the following spells:

 Spells                   Type           Power      Damage    Failure   Level
 Conjure Ball Lightning   Conj/Air       0%         3x3d6     100%        6
 Discord                  Hex            0%         N/A       100%        8
 Disjunction              Tloc           0%         N/A       100%        8


Dungeon Overview and Level Annotations

Branches:
Dungeon (4/15)              Sewer (1/1)
 Temple: D:4-7

Altars:
Vehumet

Shops:
D:3 =


Message History

You enter the shallow water.
Moving in this stuff is going to be slow.
The bullfrog hits you but does no damage.
The ball python bites you but does no damage.
The ball python grabs you. The ball python constricts you.
The bullfrog completely misses you.
As you read the scroll labelled RIGOD SECLAEHY, it crumbles to dust.
You feel aware of your surroundings.
You sensed 1 shop/portal.
It was a scroll of magic mapping.
The ball python bites you but does no damage.
The ball python loses its grip on you. The bullfrog closely misses you.
The adder bites you.
* * * LOW HITPOINT WARNING * * *
As you read the scroll labelled MISSAE YXOIGUCS, it crumbles to dust.
You assume a fearsome visage.
The ball python looks frightened!
The bullfrog looks frightened!
The adder looks frightened!
The ball python looks frightened!
The bullfrog resists with some effort.
The adder looks frightened!
It was a scroll of fear.
You block the bullfrog's attack.
The bullfrog hits you but does no damage.
Your unstable footing causes you to fumble your attack.
The bullfrog closely misses you.
A frilled lizard comes into view.
Unknown command.
Your unstable footing causes you to fumble your attack.
The frilled lizard hisses angrily.
The bullfrog barely misses you. x2
The bullfrog barely misses you.
Your unstable footing causes you to fumble your attack.
The bullfrog barely misses you. The bullfrog hits you!
* * * LOW HITPOINT WARNING * * *
Unknown command.
You whack the bullfrog!
The bullfrog is heavily wounded.
The bullfrog barely misses you.
Unknown command.
The bullfrog hits you!
* * * LOW HITPOINT WARNING * * *
The bullfrog hits you.
You die...

****###################
**,,,#≈≈≈≈≈≈J≈F@≈≈≈≈≈..###
*,,,,≈S≈≈≈#≈l.≈#≈≈≈≈≈≈...##
*,,,.≈≈≈≈≈≈≈≈≈≈≈≈≈≈≈≈≈....#
*,,,S≈#≈≈≈≈≈≈≈≈≈≈≈≈≈≈≈....#
*,,,.≈≈≈≈≈≈≈≈≈≈≈≈≈≈≈≈≈....##
**,,..S≈≈≈≈≈≈≈≈≈≈≈≈≈≈#.....#
**+*###################....#
*,,,* ####...## *,∩,*
#..#....#


You could see a bullfrog, an endoplasm and a frilled lizard.

Vanquished Creatures
  A bullfrog (D:3)
  An orc priest (D:3)
  5 gnolls
  2 river rats (Sewer)
  5 adders (Sewer)
  3 worms
  2 dart slugs (D:1)
  4 orcs
  11 ball pythons
  8 endoplasms
  7 goblins
  7 hobgoblins
  3 jackals (D:3)
  6 kobolds
  A quokka (D:1)
  13 bats
  2 frilled lizards
  33 rats
114 creatures vanquished.

Notes
Turn   | Place    | Note
-------+----------+-------------------------------------------
     0 | D:1      | MacCMillion the Hill Orc Fighter began the quest for the
                  | Orb.
     0 | D:1      | Reached XP level 1. HP: 19/19 MP: 1/1
    75 | D:1      | Reached XP level 2. HP: 22/27 MP: 2/2
   299 | D:1      | Reached XP level 3. HP: 33/33 MP: 3/3
   782 | D:1      | Found a faded altar of an unknown god.
  1300 | D:2      | Reached XP level 4. HP: 40/40 MP: 4/4
  2433 | D:3      | Noticed a bullfrog
  2440 | D:3      | Killed a bullfrog
  2441 | D:3      | Reached XP level 5. HP: 29/47 MP: 5/5
  3055 | D:3      | Found Adaaklapt's Jewellery Emporium.
  3367 | D:3      | Reached skill level 5 in Fighting
  3604 | D:3      | Reached skill level 1 in Maces & Flails
  4011 | D:4      | Reached XP level 6. HP: 56/56 MP: 6/6
  4062 | D:4      | Found a radiant altar of Vehumet.
  4119 | D:4      | Found a glowing drain.
  4161 | Sewer    | Entered a sewer
  4792 | Sewer    | Reached skill level 5 in Armour
  4912 | Sewer    | Slain by a bullfrog

Illustrated notes

Levels and vault maps discovered:
D:1:      saegor_arrival_fortress, layout_loops_ring,
          hellmonk_ecumenical_altar_arch_garden
D:2:      layout_loops_cross
D:3:      layout_basic, serial_shops, shop, minmay_mini_jars
D:4:      layout_loops_ring, mainiacjoe_overflow_chevrons,
          cheibrodos_sewer_entry_bend
Sewer:    sewer_minmay_w

Skill      XL: |  1  2  3  4  5  6 |
---------------+-------------------+-----
Fighting       | 4 5 |  5.0
Axes           | 3 4 |  4.9
Shields        | 4 |  4.0
Armour         | 4 5 |  5.0
Maces & Flails | 1 2 |  2.3

Action                   |  1- 3 |  4- 6 || total
-------------------------+-------+-------++-------
Melee: War axe           |    84 |    87 ||   171
       Whip              |       |   195 ||   195
  Use: Scroll            |       |     5 ||     5
       Potion            |       |     3 ||     3
Armor: Scale mail        |    43 |   176 ||   219
Dodge: Dodged            |    52 |   168 ||   220
Block: Buckler           |    27 |    91 ||   118

Table legend: (Time is in decaauts)
 A = Elapsed time spent in this place.
 B = Non-inter-level travel time spent in this place.
 C = Inter-level travel time spent in this place.
 D = Time resting spent in this place.
 E = Time spent auto-exploring this place.
 F = Levels seen in this place.
 G = Mean time per level.
                   A        B        C        D        E       F      G
               +--------+--------+--------+--------+--------+-----+--------+
         Total |   5037 |   4887 |    150 |    763 |   3013 |   5 | 1007.4 |
       Dungeon |   4222 |   4072 |    150 |    763 |   2521 |   4 | 1055.5 |
         Sewer |    815 |    815 |      0 |      0 |    492 |   1 |  815.0 |
               +--------+--------+--------+--------+--------+-----+--------+

Top non-repeatable levels by time:
     D:2: 1539 daAuts
     D:3: 1401 daAuts
     D:1: 1034 daAuts
   Sewer: 815 daAuts
     D:4: 247 daAuts
